 Dungeon Crawl Stone Soup version 0.31.0-32-g396128a36d (webtiles) character file.

Game seed: 12527069081006855885

1550 cdecastro the Frost Mage (level 8, 0/52 HPs)
             Began as a Human Ice Elementalist on Mar 28, 2024.
             Was an Initiate of Gozag.
             Slain by an ogre
             ... wielding a +0 giant club
              (28 damage)
             ... on level 6 of the Dungeon on Apr 6, 2024.
             The game lasted 00:13:39 (6285 turns).

cdecastro the Frost Mage (Human Ice Elementalist)   Turns: 6285, Time: 00:13:43

Health: 0/52       AC:  5    Str:  9    XL:     8   Next: 88%
Magic:  8/11       EV: 12    Int: 18    God:    Gozag
Gold:   284        SH:  0    Dex: 19    Spells: 1/11 levels left

rFire   . . .        a - +0 dagger (venom)
rCold   + . .        (no shield)
rNeg    . . .        E - +1 leather armour {rC+}
rPois   .            B - +0 helmet
rElec   .            (no cloak)
rCorr   .            (no gloves)
SInv    .            (no boots)
Will    .....        (no amulet)
Stlth   ++           e - ring of wizardry
HPRegen 0.28/turn    u - +6 ring of dexterity
MPRegen 0.12/turn

%: wizardry (x1)
@: freezing walls
A: explore regen
a: Renounce Religion, Potion Petition, Call Merchant, Bribe Branch


You were on level 6 of the Dungeon.
You worshipped Gozag.
Gozag was aware of your devotion.
You visited 1 branch of the dungeon, and saw 6 of its levels.

You collected 416 gold pieces.
You paid 132 gold pieces to Gozag.

Inventory:

Hand Weapons
 a - a +0 dagger of venom (weapon)
 b - a +0 sling
 g - a +0 spear
 q - a +2 dagger of pain
 z - a +0 whip of freezing
Missiles
 t - 10 poisoned darts
Armour
 f - a +0 buckler
 m - a +0 robe
 v - a +3 scale mail
 B - a +0 helmet (worn)
 E - a +1 leather armour of cold resistance (worn)
Magical Staves
 o - a staff of earth
Jewellery
 e - a ring of wizardry (left hand)
 u - a +6 ring of dexterity (right hand)
Wands
 D - a wand of acid (11)
Scrolls
 c - 5 scrolls of identify {unknown}
 d - 3 scrolls of blinking {unknown}
 n - a scroll of teleportation {unknown}
 p - a scroll of poison {unknown}
 r - 2 scrolls of immolation {unknown}
 x - a scroll of fog {unknown}
 y - a scroll of summoning {unknown}
 C - a scroll of enchant armour {unknown}
Potions
 h - 2 potions of haste {unknown}
 i - 3 potions of heal wounds {unknown}
 j - a potion of invisibility {unknown}
 k - 6 potions of curing {unknown}
 l - a potion of magic
 s - a potion of enlightenment {unknown}
 w - a potion of ambrosia {unknown}
 A - a potion of might {unknown}


   Skills:
 + Level 0.0 Fighting
 - Level 2.0 Dodging
 - Level 2.0 Stealth
 - Level 2.0 Spellcasting
 - Level 11.5 Ice Magic


You had one spell level left.
You knew the following spells:

 Your Spells              Type           Power      Damage    Failure   Level
a - Freeze                Ice            100%       1d10      1%          1
b - Frozen Ramparts       Ice            86%        1d13      1%          3
c - Ozocubu's Armour      Ice            43%        N/A       1%          3
d - Summon Ice Beast      Ice/Summ       22%        N/A       2%          3

Your spell library contained the following spells:

 Spells                   Type           Power      Damage    Failure   Level
 Shock                    Conj/Air       4%         1d3       11%         1
 Swiftness                Air            1%         N/A       28%         3
 Airstrike                Air            0%         2d(1-17)  65%         4


Dungeon Overview and Level Annotations

Branches:
Dungeon (6/15)
 Temple: D:4-7

Altars:
Ashenzari
Gozag
Hepliaklqana
Kikubaaqudgha
Okawaru
Ru
Sif Muna
Trog
Xom

Annotations:
D:4 exclusion: endoplasm, Dowan, Duvessa
D:5 exclusions: ice beast and phantom


Innate Abilities, Weirdness & Mutations

You regain HP and MP as you explore.


Message History

Okay, then.
Unknown command.
You open the door.
Found a hazy altar of Hepliaklqana.
You open the door.
Found an ancient bone altar of Kikubaaqudgha.
There is an open door here.
There is an open door here.
Found a stone staircase leading up.
You see here an adder skeleton.
There is an open door here.
You open the door.
There is an open door here.
You open the door.
There is an open door here.
There is an open door here.
You now have 284 gold pieces (gained 14).
An ogre comes into view. It is wielding a +0 giant club.
The ogre shouts!
The ogre misses you.
Casting: Frozen Ramparts (safe; 1% risk of failure)
Confirm with . or Enter, or press ? or * to list all spells.
Casting: Frozen Ramparts (safe; 1% risk of failure)
Press: ? - help, Dir - look around, f - activate The walls around you are covered in ice.
The wall freezes the ogre.
The ogre misses you.
Unknown command.
You hit the ogre but do no damage.
The ogre is poisoned.
The ogre is lightly wounded.
You hit the ogre but do no damage.
The ogre is moderately wounded.
The wall freezes the ogre.
The ogre hits you with a +0 giant club!!
You hit the ogre.
The ogre looks as sick as possible!
The ogre is heavily wounded.
The wall freezes the ogre!
The ogre hits you with a +0 giant club!!
Ouch! That really hurt!
You die...
Your body crumbles into a pile of gold.

#..........#......#
############.###.#####
..#.###.....#
#.#.......#.#
#.#..####.#.# #.#..#
#.#.### .. # ##.#..#
#......
...#.###..#..######.#..
...#.O@.............#..
....>.##...##.####...#..
.###..##...##..###.#.#..
................#.#....
.##.)...⌠..............
. #..............#......
#.#.##...##....####...
#.##...##...........
#....#....#..###....


You could see an ogre (extremely poisoned).

Vanquished Creatures
  Pikel (D:4)
  A steam dragon (D:6)
  Edmund (D:6)
  2 ogres (D:5)
  A phantom (D:4)
  A bullfrog (D:6)
  3 hounds
  An orc priest (D:6)
  A bombardier beetle (D:5)
  A jelly (D:4)
  An iguana (D:4)
  Jessica (D:2)
  2 sleepcaps
  Natasha (thrice) (D:4)
  An orc wizard (D:4)
  7 gnolls
  4 adders
  A shadow imp (D:6)
  2 dart slugs
  A ribbon worm (D:2)
  5 orcs
  5 ball pythons
  6 endoplasms
  8 goblins
  4 hobgoblins
  7 jackals
  4 kobolds
  3 bats (D:2)
  6 frilled lizards
  5 rats
89 creatures vanquished.

Notes
Turn   | Place    | Note
-------+----------+-------------------------------------------
     0 | D:1      | cdecastro the Human Ice Elementalist began the quest for
                  | the Orb.
     0 | D:1      | Reached XP level 1. HP: 13/13 MP: 3/3
   327 | D:1      | Reached XP level 2. HP: 19/19 MP: 3/5
   458 | D:1      | Reached XP level 3. HP: 9/24 MP: 1/6
   534 | D:1      | Reached skill level 5 in Ice Magic
   538 | D:1      | Learned a level 3 spell: Frozen Ramparts
  1688 | D:2      | Reached XP level 4. HP: 24/30 MP: 3/7
  1985 | D:2      | Noticed Jessica
  1995 | D:2      | Killed Jessica
  2264 | D:3      | Found a bloodstained altar of Trog.
  2305 | D:3      | Found a shimmering altar of Xom.
  2413 | D:3      | Reached skill level 6 in Ice Magic
  2768 | D:4      | Reached XP level 5. HP: 33/35 MP: 4/8
  2772 | D:4      | Learned a level 3 spell: Ozocubu's Armour
  2848 | D:4      | Found a sacrificial altar of Ru.
  2918 | D:4      | Noticed Natasha
  2925 | D:4      | Killed Natasha
  3112 | D:4      | Reached skill level 7 in Ice Magic
  3149 | D:4      | Reached XP level 6. HP: 23/41 MP: 5/9
  3396 | D:4      | Noticed Dowan
  3644 | D:4      | Noticed Natasha
  3659 | D:4      | Killed Natasha
  3776 | D:4      | Noticed Natasha
  3781 | D:4      | Killed Natasha
  3907 | D:4      | Noticed Pikel
  3927 | D:4      | Killed Pikel
  3928 | D:4      | Reached skill level 9 in Ice Magic
  3928 | D:4      | Reached XP level 7. HP: 33/46 MP: 4/10
  4008 | D:4      | Noticed Duvessa
  4034 | D:5      | Entered Level 5 of the Dungeon
  4117 | D:4      | HP: 2/46 [phantom (2)]
  4121 | D:4      | Reached XP level 8. HP: 3/52 MP: 1/11
  4415 | D:5      | Reached skill level 10 in Ice Magic
  4609 | D:5      | Found a shimmering blue altar of Sif Muna.
  5411 | D:6      | Reached skill level 11 in Ice Magic
  5683 | D:6      | Found a broken altar of Ashenzari.
  5970 | D:6      | Found an opulent altar of Gozag.
  5982 | D:6      | Found an iron altar of Okawaru.
  5984 | D:6      | Noticed Edmund
  5988 | D:6      | Became a worshipper of Gozag Ym Sagoz the Greedy
  6004 | D:6      | Killed Edmund
  6027 | D:6      | Learned a level 3 spell: Summon Ice Beast
  6070 | D:6      | Found a hazy altar of Hepliaklqana.
  6073 | D:6      | Found an ancient bone altar of Kikubaaqudgha.
  6285 | D:6      | Slain by an ogre

Illustrated notes

Levels and vault maps discovered:
D:1:      spicycebolla_arrival_ecumenical, layout_basic
D:2:      layout_rooms, uniq_jessica
D:3:      layout_basic, bloody_trog, xom_teletrap_fun, columned_hall_lemuel
D:4:      layout_basic, mainiacjoe_overflow_paths, uniq_pikel, uniq_duvessa,
          uniq_natasha
D:5:      layout_basic, mainiacjoe_overflow_six_doors_small, saegor_snake_ambush
D:6:      layout_basic, grunt_temple_overflow_cloverleaf,
          mainiacjoe_overflow_concentric_impassable,
          serial_library_hellmonk_open_square, uniq_edmund

Skill      XL: |  1  2  3  4  5  6  7  8 |
---------------+-------------------------+-----
Ice Magic      | 5 6 7 9 11 | 11.5
Dodging        | |  2.0
Stealth        | |  2.0
Spellcasting   | |  2.0

Action                     |  1- 3 |  4- 6 |  7- 9 || total
---------------------------+-------+-------+-------++-------
  Melee: Unarmed           |     3 |       |       ||     3
         Dagger            |    13 |    74 |   103 ||   190
         Spear             |     6 |       |       ||     6
         Punch             |       |     2 |     2 ||     4
   Fire: Sling             |    15 |     2 |     2 ||    19
   Cast: Freeze            |    49 |       |     1 ||    50
         Frozen Ramparts   |     3 |    14 |    16 ||    33
         Ozocubu's Armour  |       |     2 |    11 ||    13
   Stab: Sleeping          |       |     6 |     3 ||     9
 Armour: Robe              |    48 |    34 |    87 ||   169
         Leather armour    |       |       |     2 ||     2
  Dodge: Dodged            |    51 |    40 |    73 ||   164
